 Dungeon Crawl Stone Soup version 0.18.1-50-g88ac8fd (webtiles) character file.

2814 magog001 the Shield-Bearer (level 9, -1/80 HPs)
             Began as a Hill Orc Fighter on Aug 19, 2018.
             Was a Believer of Nemelex Xobeh.
             Slain by an eight-headed hydra (8 damage)
             ... on level 8 of the Dungeon.
             The game lasted 00:31:17 (5790 turns).

magog001 the Shield-Bearer (Hill Orc Fighter)       Turns: 5790, Time: 00:31:18

Health: -1/80      AC: 21    Str: 22    XL:     9   Next: 72%
Magic:  9/9        EV:  1    Int:  8    God:    Nemelex Xobeh [**....]
Gold:   358        SH: 11    Dex: 10    Spells: 0 memorised, 8 levels left

rFire  . . .     SeeInvis .     z - +3 morningstar
rCold  . . .     Gourm    .     a - +0 plate armour
rNeg   . . .     Faith    .     c - +0 shield
rPois  .         Spirit   .     (no helmet)
rElec  .         Dismiss  .     g - +2 cloak
rCorr  .         Reflect  .     B - +2 pair of gloves
SustAt .         Harm     .     A - +0 pair of boots (curse)
MR     .....                    (no amulet)
Stlth  ..........               (no ring)
                                (no ring)

@: not resistant to hostile enchantments, extremely unstealthy
A: no striking features
a: Renounce Religion


You were on level 8 of the Dungeon.
You worshipped Nemelex Xobeh.
Nemelex Xobeh was pleased with you.
You were hungry.

You visited 1 branch of the dungeon, and saw 8 of its levels.
You also visited: Sewer.

You collected 364 gold pieces.

Inventory:

Hand Weapons
 t - a +0 hunting sling
 z - a +3 morningstar (weapon)
Missiles
 r - 38 sling bullets
 y - 131 bolts
Armour
 a - a +0 plate armour (worn)
 c - a +0 shield (worn)
 g - a +2 cloak (worn)
 A - a cursed +0 pair of boots (worn)
 B - a +2 pair of gloves (worn)
Wands
 i - a wand of flame (21/48)
 n - a wand of digging (15/24)
Scrolls
 e - 3 scrolls of identify
 u - 3 scrolls of remove curse
 v - a scroll of fear
 F - 2 scrolls of magic mapping
Potions
 b - a potion of magic {unknown}
 h - a potion of curing
 j - a potion of flight
 k - 2 potions of resistance {unknown}
 m - 2 potions of haste {unknown}
 p - 3 potions of lignification {unknown}
 q - a potion of agility {unknown}
 s - 2 potions of berserk rage {unknown}
 x - 2 potions of degeneration {unknown}
 E - 3 potions of heal wounds {unknown}
Miscellaneous
 o - a plain deck of war
 C - a plain deck of defence {drawn: 4}
 D - a plain deck of escape
 G - a plain deck of escape
Comestibles
 f - 9 bread rations
 l - 7 meat rations
 w - a beef jerky


   Skills:
 * Level 7.7 Fighting
   Level 6.9(7.5) Axes
 * Level 3.5(5.1) Maces & Flails
 + Level 7.3 Armour
 - Level 3.6 Dodging
 - Level 0.6 Stealth
 * Level 7.8 Shields
 + Level 0.2 Evocations


You had 8 spell levels left.
You didn't know any spells.

Dungeon Overview and Level Annotations

Branches:
Dungeon (8/15)             Temple (0/1) D:5
   Lair: D:8-11

Altars:
Nemelex Xobeh
Ru
Sif Muna
Vehumet
The Shining One


Message History

The eight-headed hydra barely misses you.
The eight-headed hydra bites you.
You block the eight-headed hydra's attack.
The eight-headed hydra bites you.
The eight-headed hydra bites you but does no damage.
The eight-headed hydra bites you!
* * * LOW HITPOINT WARNING * * *
The eight-headed hydra bites you.
* * * LOW HITPOINT WARNING * * *
The eight-headed hydra bites you but does no damage.
You block the eight-headed hydra's attack.
The eight-headed hydra bites you but does no damage.
You block the eight-headed hydra's attack.
The eight-headed hydra bites you but does no damage.
The eight-headed hydra bites you.
* * * LOW HITPOINT WARNING * * *
The eight-headed hydra bites you but does no damage.
The eight-headed hydra bites you!
You die...
Your body disappears without a glow.

..... .....
#######.....
#...........
##...........
#............
#.........!..
#....@.......
#....D.......
#............
#........>...
#............
..............
.##...........#
##..#.......#


You could see an eight-headed hydra.

Vanquished Creatures
  The ghost of magog001 the Shield-Bearer, a novice HOFi (D:5)
  The ghost of magog001 the Shield-Bearer, a novice HOFi (D:4)
  Prince Ribbit (D:5)
  Grinder (D:3)
  A spriggan (D:7)
  Duvessa (D:6)
  A sky beast (D:5)
  An ice beast (D:6)
  A phantom (D:5)
  A centaur (D:7)
  An ogre (D:4)
  A big kobold (Sewer)
  4 giant frogs
  Dowan (D:6)
  A scorpion (D:7)
  8 wights (D:6)
  A hound (D:6)
  A giant frog skeleton (D:3)
  2 worker ants
  A hound zombie (D:7)
  9 adders
  A river rat (Sewer)
  A shadow imp (D:5)
  2 oozes
  An adder zombie (D:5)
  2 dart slugs (D:1)
  4 giant geckos
  8 orcs
  5 giant cockroaches
  7 goblins
  12 hobgoblins
  6 jackals
  14 kobolds
  6 quokkas
  2 ball pythons
  A ball python skeleton (D:6)
  5 bats
  3 giant newts
  A quokka zombie (D:6)
  17 rats
138 creatures vanquished.

Notes
Turn   | Place    | Note
--------------------------------------------------------------
     0 | D:1      | magog001 the Hill Orc Fighter began the quest for the Orb.
     0 | D:1      | Reached XP level 1. HP: 19/19 MP: 1/1
   203 | D:1      | Reached XP level 2. HP: 26/27 MP: 2/2
   431 | D:1      | Reached XP level 3. HP: 30/33 MP: 3/3
  1251 | D:2      | Reached XP level 4. HP: 40/40 MP: 4/4
  1555 | D:2      | Found a radiant altar of Vehumet.
  1766 | D:3      | Found a sparkling altar of Nemelex Xobeh.
  1846 | D:3      | Became a worshipper of Nemelex Xobeh the Trickster
  1857 | D:3      | Received a gift from Nemelex Xobeh
  1923 | D:3      | Reached skill level 1 in Dodging
  1937 | D:3      | Noticed Grinder
  1938 | D:3      | Paralysed by Grinder for 5 turns
  1951 | D:3      | Killed Grinder
  1951 | D:3      | Reached XP level 5. HP: 18/47 MP: 5/5
  1951 | D:3      | Reached XP level 6. HP: 20/53 MP: 6/6
  2141 | D:3      | Identified a -2 rod of inaccuracy (10/10) (You found it on level 3 of the Dungeon)
  2465 | D:4      | Found a glowing drain.
  2474 | Sewer    | Entered a sewer
  2675 | Sewer    | Reached skill level 5 in Fighting
  2675 | Sewer    | Reached skill level 5 in Shields
  2675 | Sewer    | Reached XP level 7. HP: 55/61 MP: 7/7
  2690 | Sewer    | Found a white marble altar of Elyvilon.
  2965 | D:4      | Found a sacrificial altar of Ru.
  3018 | D:4      | Reached skill level 5 in Armour
  3157 | D:4      | Found a glowing golden altar of the Shining One.
  3236 | D:4      | Noticed magog001's ghost (novice HOFi)
  3257 | D:4      | Killed magog001's ghost
  3257 | D:4      | Reached skill level 5 in Axes
  3257 | D:4      | Reached XP level 8. HP: 30/70 MP: 8/8
  3520 | D:5      | Entered Level 5 of the Dungeon
  3568 | D:5      | Reached * piety under Nemelex Xobeh
  3610 | D:5      | Noticed Prince Ribbit
  3766 | D:5      | Found a deep blue altar of Sif Muna.
  3942 | D:5      | Noticed magog001's ghost (novice HOFi)
  3960 | D:5      | Killed magog001's ghost
  3982 | D:5      | Received a gift from Nemelex Xobeh
  4007 | D:5      | Found a staircase to the Ecumenical Temple.
  4461 | D:5      | Killed Prince Ribbit
  4721 | D:6      | Reached XP level 9. HP: 71/78 MP: 9/9
  4814 | D:6      | Noticed Dowan
  4815 | D:6      | Noticed Duvessa
  4824 | D:6      | Killed Duvessa
  4837 | D:6      | Killed Dowan
  4837 | D:6      | Reached skill level 1 in Maces & Flails
  5339 | D:7      | Reached ** piety under Nemelex Xobeh
  5441 | D:7      | Received a gift from Nemelex Xobeh
  5779 | D:8      | Noticed an eight-headed hydra
  5790 | D:8      | Slain by an eight-headed hydra

Skill      XL: |  1  2  3  4  5  6  7  8  9 |
---------------+----------------------------+-----
Fighting       | 4 5 6 7 |  7.7
Axes           | 3 4 5 6 |  6.9
Shields        | 4 5 6 7 |  7.8
Dodging        | 2 3 |  3.6
Armour         | 4 5 6 7 |  7.3
Maces & Flails | 3 |  3.5
Stealth        | |  0.6
Evocations     | |  0.2

Action                   |  1- 3 |  4- 6 |  7- 9 || total
-------------------------+-------+-------+-------++-------
Melee: War axe           |   115 |   176 |   143 ||   434
       Morningstar       |       |       |   124 ||   124
Evoke: Deck              |       |     1 |     3 ||     4
       Wand              |       |       |     2 ||     2
  Use: Scroll            |       |     5 |    13 ||    18
       Potion            |       |       |     3 ||     3
  Eat: Fruit             |     1 |       |       ||     1
       Chunk             |       |     5 |     2 ||     7
       Beef jerky        |       |       |     1 ||     1
       Meat ration       |       |       |     1 ||     1
       Royal jelly       |       |       |     1 ||     1
Armor: Scale mail        |    53 |    81 |    70 ||   204
       Plate armour      |       |       |    77 ||    77
Dodge: Dodged            |    51 |    78 |    76 ||   205
Block: Shield            |    59 |   124 |   174 ||   357
